[Event "Late-Titled-Tuesday-Blitz-February-13-2024"]
[Site "Chess.com"]
[Date "2024.02.13"]
[Round "1"]
[White "stollenmonster"]
[Black "terrortoast"]
[Result "1-0"]
[WhiteElo "2871"]
[BlackElo "2470"]
[TimeControl "180+1"]
[EndTime "14:05:45 PST"]
[Termination "stollenmonster won on time"]

1. e4 c5 2. Nf3 d6 3. d4 cxd4 4.
Nxd4 Nf6 5. Nc3 a6 6. a4 e5 7.
Nde2 Be7 8. g3 Be6 9. Bg2 Nbd7 10. h3 h5 11. O-O Rc8 12. a5 Qc7 13. Be3 b5 14. axb6 Nxb6 15. b3 Qb7 16. Qd3 Ra8 17. Ra5 O-O 18. Rfa1 Bc8 19. Nd5 Nbxd5 20. exd5 Bd8 21.
R5a4 Nd7 22. c4 Bb6 23. b4 Bxe3 24. Qxe3 Qc7 25. c5 Rb8 26. c6 Nf6 27. Nc3 h4 28. g4 Nh7 29. b5 axb5 30. Ra7 Qb6 31. Qxb6 Rxb6 32. Rc7 Rb8 33. Ne4 Rd8 34. Raa7 1-0

[Event "Late-Titled-Tuesday-Blitz-February-13-2024"]
[Site "Chess.com"]
[Date "2024.02.13"]
[Round "1"]
[White "DmitryMaximov"]
[Black "topce"]
[Result "1-0"]
[WhiteElo "2736"]
[BlackElo "2391"]
[TimeControl "180+1"]
[EndTime "14:05:45 PST"]
[Termination "DmitryMaximov won by checkmate"]

1. e4 e6 2. d4 d5 3. e5 c5 4. c3 Nc6 5. Nf3 Nge7 6. a3 Bd7 7.
Bd3 b5 8. O-O c4 9. Bc2 a5 10.
h4 b4 11. b3 a4 12. bxc4 b3 13. Bd3 dxc4 14. Bxc4 Na5 15. Bd3 Rc8 16. Bb2 Nc4 17. Bxc4 Rxc4 18. Nbd2 Rc8 19. c4 Nf5 20. h5 g6 21. Ne4 Be7 22. d5 Rxc4 23. Re1 Rc2 24. Re2 O-O 25. d6 Bh4 26. Nxh4 Qxh4 27. Nf6+ Kg7 28.
Nxd7 Rfc8 29. Nf6 Rxe2 30. Qxe2 Rc2 31. Qxc2 bxc2 32. d7 Nd4 33. d8=Q c1=Q+ 34. Rxc1 Ne2+ 35. Kf1 Nxc1 36. Qg8+ Kh6 37. Bxc1+ g5 38. Qf8# 1-0

[Event "Late-Titled-Tuesday-Blitz-February-13-2024"]
[Site "Chess.com"]
[Date "2024.02.13"]
[Round "1"]
[White "Artemiki"]
[Black "mbojan"]
[Result "0-1"]
[WhiteElo "2447"]
[BlackElo "2848"]
[TimeControl "180+1"]
[EndTime "14:05:47 PST"]
[Termination "mbojan won on time"]

1. e4 a6 2. a4 e6 3. d4 d5 4.
Nc3 Bb4 5. e5 c5 6. Nf3 Nc6 7.
Be3 cxd4 8. Bxd4 Nge7 9. Bd3 Nxd4 10. Nxd4 Qc7 11. O-O Qxe5 12. Re1 Qc7 13. Qg4 Bxc3 14.
bxc3 O-O 15. Nf3 h6 16. Qh5 f6 17. Re2 e5 18. Re3 e4 19. Nh4 exd3 20. cxd3 Nc6 21.
Rae1 Qf7 0-1

[Event "Late-Titled-Tuesday-Blitz-February-13-2024"]
[Site "Chess.com"]
[Date "2024.02.13"]
[Round "1"]
[White "IMRosen"]
[Black "fks_stal_mielec"]
[Result "1-0"]
[WhiteElo "2635"]
[BlackElo "2291"]
[TimeControl "180+1"]
[EndTime "14:05:50 PST"]
[Termination "IMRosen won by resignation"]

1. d4 c5 2. d5 e5 3. Nc3 d6 4. e4 f5 5. exf5 Bxf5 6. Bb5+ Nd7 7. Nge2 Nf6 8. Ng3 Bg6 9. a4 Be7 10. O-O O-O 11. Be2 Kh8 12. Be3 Nb6 13. a5 Nbd7 14. Qd2 Kg8 15. Ra4 Kh8 16. Rfa1 a6 17. h3 Qc7 18. Bd3 Bxd3 19. Qxd3 Qd8 20. Nf5 g6 21.
Nh6 Kg7 22. Ne2 e4 23. Qc3 c4 24. Nf4 Qc8 25. Ne6+ Kh8 26. Rxc4 Qe8 27. Bd4 Ne5 28. Bxe5 dxe5 29. Qxe5 1-0

[Event "Late-Titled-Tuesday-Blitz-February-13-2024"]
[Site "Chess.com"]
[Date "2024.02.13"]
[Round "1"]
[White "SHIVACalypso"]
[Black "DuleMudule"]
[Result "0-1"]
[WhiteElo "2466"]
[BlackElo "2860"]
[TimeControl "180+1"]
[EndTime "14:05:52 PST"]
[Termination "DuleMudule won by resignation"]

1. Nf3 d5 2. c4 d4 3. e3 Nc6 4. exd4 Nxd4 5. Nxd4 Qxd4 6. Nc3 c6 7. d3 g6 8. Be3 Qd8 9. d4 Nh6 10. Be2 Nf5 11. Qd2 Bg7 12. Rd1 O-O 13. O-O Be6 14. d5 Nxe3 15. fxe3 cxd5 16. cxd5 Bd7 17. e4 Qb6+ 18. Kh1 Rac8 19. Bf3 a6 20. Rfe1 Be5 21. Rc1 Rc5 22. Ne2 Rfc8 23. Rxc5 Rxc5 24. b3 Qc7 25.
Nd4 Bxh2 26. Qg5 Qe5 27. Qxe5 Bxe5 28. Rd1 b5 29. Kg1 Kg7 30. Kf2 h5 31. Ke3 h4 32.
Rh1 Rc3+ 33. Kd2 Bxd4 34. Rxh4 Bf6 0-1

[Event "Late-Titled-Tuesday-Blitz-February-13-2024"]
[Site "Chess.com"]
[Date "2024.02.13"]
[Round "1"]
[White "dawid498"]
[Black "Defenstrator"]
[Result "1-0"]
[WhiteElo "2692"]
[BlackElo "2361"]
[TimeControl "180+1"]
[EndTime "14:05:52 PST"]
[Termination "dawid498 won by resignation"]

1. e4 e6 2. d4 d5 3. e5 Qd7 4.
Nf3 b6 5. c3 Ba6 6. Bxa6 Nxa6 7.
O-O c5 8. Qe2 Nb8 9. a3 Nc6 10.
b4 cxd4 11. cxd4 Nh6 12. Bxh6 gxh6 13. Nbd2 Rg8 14. Rac1 Bg7 15. Qd3 f6 16. Qxh7 Ne7 17. exf6 Bxf6 18. Qxh6 Rg6 19. Qh5 Kf7 20. Ne5+ Bxe5 21.
Qxe5 Rag8 22. g3 Nc6 23. Qe3 e5 24. Nf3 e4 25. Rxc6 exf3 26. Qf4+ Kg7 27. Rc7 1-0

[Event "Late-Titled-Tuesday-Blitz-February-13-2024"]
[Site "Chess.com"]
[Date "2024.02.13"]
[Round "1"]
[White "Kombinator01"]
[Black "Genghis_K"]
[Result "0-1"]
[WhiteElo "2490"]
[BlackElo "2921"]
[TimeControl "180+1"]
[EndTime "14:05:54 PST"]
[Termination "Genghis_K won by resignation"]

1. e4 c5 2. Nf3 d6 3. d4 cxd4 4. Nxd4 Nf6 5. Nc3 a6 6. Bc4 e6 7. O-O Be7 8. Bb3 O-O 9. Be3 b5 10. a3 Bb7 11. Qd3 Nbd7 12. f3 Ne5 13. Qe2 Rc8 14.
Rad1 Nc4 15. Bc1 Qb6 16. Kh1 Nxa3 17. bxa3 Rxc3 18. Bb2 Rcc8 19. Qf2 Rfe8 20. Qg3 d5 21. exd5 Bd6 22. Qg5 h6 23. Qh4 Nxd5 24. Qg4 Ne3 25.
Qh5 Qc5 26. Qh3 Nxf1 27. Rxf1 Be5 28. Qg4 Rcd8 29. c3 Bxd4 30. cxd4 Qg5 31. Qh3 Bd5 32. Bc1 Qf5 33. Qxf5 exf5 34. Bc2 Bc4 35. Rd1 Rxd4 0-1

[Event "Late-Titled-Tuesday-Blitz-February-13-2024"]
[Site "Chess.com"]
[Date "2024.02.13"]
[Round "1"]
[White "TheoSlade"]
[Black "TorFredrikKaasen"]
[Result "0-1"]
[WhiteElo "2426"]
[BlackElo "2804"]
[TimeControl "180+1"]
[EndTime "14:05:57 PST"]
[Termination "TorFredrikKaasen won by checkmate"]

1. d4 Nf6 2. c4 g6 3. Nc3 Bg7 4. e4 d6 5. Nf3 O-O 6. Be2 e5 7. Be3 Qe7 8. Qc2 exd4 9. Nxd4 Re8 10. f3 c6 11. Bf2 a5 12. O-O Na6 13. Rfd1 Nc5 14.
Nb3 Nxb3 15. axb3 Be6 16. Bg3 Red8 17. Rd3 Nh5 18. Bf2 Nf4 19. Rdd1 Qg5 20. Bg3 h5 21.
Bxf4 Qxf4 22. Qd2 Qe5 23. f4 Qc5+ 24. Kh1 h4 25. Rf1 h3 26. g3 d5 27. e5 dxc4 28. Qe1 cxb3 29. Ne4 Bd5 30. Bf3 Bxe4 31. Qxe4 Rd2 32.
Rac1 Qd4 33. Qxd4 Rxd4 34. Bg4 Rd2 35. Bxh3 Rxb2 36. Rfd1 a4 37. Rd7 a3 38. e6 fxe6 39. Bxe6+ Kh8 40. g4 a2 41. Rd3 a1=Q 42. Rxa1 Rxa1+ 43.
Rd1 Rxd1# 0-1

[Event "Late-Titled-Tuesday-Blitz-February-13-2024"]
[Site "Chess.com"]
[Date "2024.02.13"]
[Round "1"]
[White "GoValya"]
[Black "biostatistician"]
[Result "0-1"]
[WhiteElo "2255"]
[BlackElo "2598"]
[TimeControl "180+1"]
[EndTime "14:05:57 PST"]
[Termination "biostatistician won by resignation"]

1. d4 Nf6 2. c4 g6 3. Nc3 Bg7 4. g3 O-O 5. Bg2 d6 6. Nf3 Nbd7 7. O-O e5 8. e4 c6 9. h3 a5 10. Be3 a4 11. a3 Qa5 12. Qc2 exd4 13. Bxd4 Ne5 14. Bxe5 dxe5 15. Rfd1 Nd7 16. b4 axb3 17. Qxb3 Nc5 18. Qb4 Be6 19. Ng5 Bd7 20. Bf1 h6 21.
Nf3 Be6 22. Nd2 f5 23. Nb3 Qxb4 24. axb4 Nxb3 25. Rxa8 Rxa8 26. Rd6 Bf7 27. Rd7 Ra1 28. Kg2 Rc1 29. Ne2 Rc2 30. Rxb7 Bxc4 31. Ng1 Bxf1+ 32. Kxf1 Nd2+ 33. Kg2 Nxe4 34. Rb8+ Kf7 35. Rb7+ Kf6 0-1

[Event "Late-Titled-Tuesday-Blitz-February-13-2024"]
[Site "Chess.com"]
[Date "2024.02.13"]
[Round "1"]
[White "MKlose11"]
[Black "elgrona"]
[Result "1-0"]
[WhiteElo "2654"]
[BlackElo "2307"]
[TimeControl "180+1"]
[EndTime "14:05:58 PST"]
[Termination "MKlose11 won on time"]

1. e4 c5 2. Nc3 g6 3. g3 Bg7 4.
Bg2 Nc6 5. d3 d6 6. Be3 h5 7. h3 Bd7 8. Qd2 Rb8 9. Nge2 b5 10. O-O b4 11. Nd1 Qc8 12. Kh2 Nf6 13. f4 h4 14. g4 Bxg4 15. hxg4 Nxg4+ 16. Kh1 h3 17. Bf3 Nxe3 18. Qxe3 e5 19. f5 Bh6 20.
Qg1 Rg8 21. fxg6 Rxg6 22. Qf2 Nd8 23. Ne3 Ne6 24. Nf5 Ng5 25. Rg1 Bf8 26. Rg3 c4 27. Rag1 cxd3 28. cxd3 h2 29. R1g2 b3 30. axb3 Nxf3 31. Qxf3 Rxg3 32. Qxg3 Rxb3 33. Nc3 Qb8 34. Qf2 Qb4 35. Nd5 1-0

[Event "Late-Titled-Tuesday-Blitz-February-13-2024"]
[Site "Chess.com"]
[Date "2024.02.13"]
[Round "1"]
[White "TheMagician"]
[Black "KamlaPasand"]
[Result "1/2-1/2"]
[WhiteElo "2198"]
[BlackElo "2552"]
[TimeControl "180+1"]
[EndTime "14:05:58 PST"]
[Termination "Game drawn by repetition"]

1. d4 d5 2. Nf3 Nf6 3. c4 e6 4.
Nc3 Be7 5. Bg5 O-O 6. e3 Nbd7 7. a3 dxc4 8. Bxc4 b6 9. Qe2 Bb7 10. Rd1 Nd5 11. Bxe7 Qxe7 12. Qc2 Rac8 13. Nxd5 Bxd5 14. Bxd5 exd5 15. Qa4 c5 16. Qxa7 c4 17. Ne5 Rfd8 18.
Qb7 Qd6 19. Nxd7 Qxd7 20. Qxd7 Rxd7 21. Rc1 b5 22. Ke2 b4 23. axb4 Rb7 24. b3 Rxb4 25. bxc4 dxc4 26. Rc2 Kf8 27. Rhc1 Ke7 28. e4 Ke6 29.
Ke3 f5 30. f3 g5 31. g3 h5 32.
Rc3 g4 33. d5+ Kd6 34. fxg4 hxg4 35. Kd4 fxe4 36. Rxc4 Rbxc4+ 37. Rxc4 Rxc4+ 38. Kxc4 Ke5 39. d6 Kxd6 40. Kd4 e3 41. Kxe3 Ke5 42. Kd3 Kd5 43. Ke3 Ke5 44. Kf2 Kd4 45. h4 gxh3 46. Kg1 Ke5 47. Kh2 Kf5 48. Kxh3 Kg5 49. g4 Kg6 50. Kh4 Kh6 51. g5+ Kg6 52. Kg4 Kg7 53. Kf5 Kf7 54. g6+ Kg7 55. Kg5 Kg8 56. Kg4 Kg7 57.
Kg5 Kg8 58. Kh5 Kg7 59. Kg5 1/2-1/2

[Event "Late-Titled-Tuesday-Blitz-February-13-2024"]
[Site "Chess.com"]
[Date "2024.02.13"]
[Round "1"]
[White "ZaphenathPaneah"]
[Black "SameerMujumdar"]
[Result "1-0"]
[WhiteElo "2201"]
[BlackElo "2514"]
[TimeControl "180+1"]
[EndTime "14:06:01 PST"]
[Termination "ZaphenathPaneah won by resignation"]

1. e4 c5 2. d4 cxd4 3. c3 d3 4. Bxd3 Nc6 5. c4 g6 6. Nf3 Bg7 7. Nc3 d6 8. Be3 Nf6 9. Qd2 O-O 10. Bh6 Bg4 11. O-O-O Qa5 12. Kb1 Rac8 13. h4 Bxf3 14.
gxf3 Ne5 15. Be2 Nxc4 16. Bxc4 Rxc4 17. h5 Rxc3 18. bxc3 Rc8 19. hxg6 fxg6 20. Bxg7 Kxg7 21. Qh6+ Kf7 22. Rc1 Rc6 23. Qd2 Rb6+ 24. Ka1 Qa3 25.
Rb1 Rc6 26. Rb3 Qa5 27. Rxb7 Rxc3 28. Qxd6 1-0

[Event "Late-Titled-Tuesday-Blitz-February-13-2024"]
[Site "Chess.com"]
[Date "2024.02.13"]
[Round "1"]
[White "wild3000"]
[Black "SaqoChess_Twitch"]
[Result "0-1"]
[WhiteElo "2328"]
[BlackElo "2670"]
[TimeControl "180+1"]
[EndTime "14:06:02 PST"]
[Termination "SaqoChess_Twitch won by resignation"]

1. d4 d5 2. e3 e6 3. Nf3 Nf6 4. Be2 b6 5. O-O Bb7 6. b3 Nbd7 7. Bb2 Ne4 8. Nbd2 f6 9. c4 Bd6 10. Nxe4 dxe4 11. Nd2 O-O 12. f3 f5 13. fxe4 fxe4 14. Bg4 Qe7 15. Qc2 Nf6 16. Bh3 g5 17. g3 h5 18. Bg2 Ng4 19. Qc3 Bb4 20. Qc1 Nxe3 21. Rxf8+ Rxf8 22. a3 Nxg2 23. axb4 e3 24. Rxa7 exd2 25.
Qxd2 Qf6 26. Qe2 Ne3 27. Ra1 Qf3 28. Qxf3 Rxf3 29. Re1 Kf7 30. b5 g4 31. Bc3 Nf5 32. Bb2 Rxb3 33. Re2 Bf3 34. Rd2 Ne3 35. d5 exd5 36. cxd5 Nc4 37. d6 cxd6 0-1

[Event "Late-Titled-Tuesday-Blitz-February-13-2024"]
[Site "Chess.com"]
[Date "2024.02.13"]
[Round "1"]
[White "romulocardoso"]
[Black "gahryman"]
[Result "0-1"]
[WhiteElo "2359"]
[BlackElo "2690"]
[TimeControl "180+1"]
[EndTime "14:06:03 PST"]
[Termination "gahryman won by resignation"]

1. e4 c5 2. Nf3 Nc6 3. d4 cxd4 4. Nxd4 e5 5. Nb5 d6 6. N1c3 a6 7. Na3 Be7 8. Bd3 Nf6 9. Bg5 O-O 10. O-O Be6 11.
Bxf6 Bxf6 12. Nd5 Bxd5 13. exd5 Ne7 14. c4 e4 15. Bxe4 Bxb2 16. Bxh7+ Kxh7 17. Qc2+ Ng6 18. Qxb2 Qg5 19. Qc3 Rac8 20. Qg3 Qxg3 21. hxg3 Ne5 22. Rab1 Rc7 23. Rb6 Rd8 24. f4 Nd3 25. Rf3 Nc5 26.
g4 Re7 27. f5 f6 28. Nc2 Re4 29. g5 fxg5 30. f6 gxf6 31. Rxf6 Rxc4 32. Ne3 Rc1+ 33. Kh2 Kg7 34. Rfxd6 Rh8+ 35. Kg3 Ne4+ 36. Kg4 Rh4+ 37. Kf5 Rf4+ 38. Ke5 Nxd6 39. Kxd6 Rf6+ 40. Ke7 Rxb6 41. d6 Re1 42. d7 Rxe3+ 43. Kd8 0-1

[Event "Late-Titled-Tuesday-Blitz-February-13-2024"]
[Site "Chess.com"]
[Date "2024.02.13"]
[Round "1"]
[White "sari07"]
[Black "Miguelito"]
[Result "0-1"]
[WhiteElo "2406"]
[BlackElo "2762"]
[TimeControl "180+1"]
[EndTime "14:06:05 PST"]
[Termination "Miguelito won on time"]

1. d4 Nf6 2. Nc3 d5 3. Bf4 a6 4. e3 b5 5. Bd3 Bb7 6. Nf3 e6 7. Ne2 c5 8. c3 Nc6 9. O-O Be7 10. Ng3 h6 11. dxc5 Bxc5 12. e4 g5 13. Bc1 dxe4 14.
Nxe4 Nxe4 15. Bxe4 Qxd1 16. Rxd1 f5 17. Bxc6+ Bxc6 18. Ne5 Bd5 19. Be3 Bxe3 20. fxe3 O-O 21. Rd4 Rab8 22.
Nd7 Kf7 23. Nxf8 Kxf8 24. a4 bxa4 25. c4 Be4 26. Rxa4 Rxb2 27. Rxa6 Ke7 28. c5 Rxg2+ 29. Kf1 Rc2 30. Rdd6 Bd5 31. Ra7+ Kf6 32. Rc7 Ke5 33.
Ke1 Ke4 34. Kd1 Bb3 35. Ke1 Kxe3 36. Kf1 Bd5 0-1

[Event "Late-Titled-Tuesday-Blitz-February-13-2024"]
[Site "Chess.com"]
[Date "2024.02.13"]
[Round "1"]
[White "Pingah9"]
[Black "Bigfish1995"]
[Result "0-1"]
[WhiteElo "2527"]
[BlackElo "3179"]
[TimeControl "180+1"]
[EndTime "14:06:06 PST"]
[Termination "Bigfish1995 won by checkmate"]

1. e4 c6 2. Nc3 d5 3. Qf3 Be6 4.
Nh3 Nf6 5. e5 Nfd7 6. d4 c5 7.
Be3 Nc6 8. O-O-O cxd4 9. Bxd4 Bxh3 10. Qxh3 e6 11. f4 Nxd4 12. Rxd4 Qb6 13. Rd1 a6 14. f5 O-O-O 15. fxe6 fxe6 16. Be2 Be7 17. Rhf1 d4 18. Rf7 Bg5+ 19. Kb1 Nxe5 20. Rxg7 Bf6 21. Rxh7 Rxh7 22. Qxh7 dxc3 23. Rxd8+ Bxd8 24. Qe4 Qxb2# 0-1

[Event "Late-Titled-Tuesday-Blitz-February-13-2024"]
[Site "Chess.com"]
[Date "2024.02.13"]
[Round "1"]
[White "laziestwin"]
[Black "ChEsper99"]
[Result "1-0"]
[WhiteElo "2572"]
[BlackElo "2212"]
[TimeControl "180+1"]
[EndTime "14:06:06 PST"]
[Termination "laziestwin won on time"]

1. d4 Nf6 2. c4 c6 3. Nc3 d5 4. e3 e6 5. Nf3 Nbd7 6. Qc2 Bd6 7. b3 O-O 8. Bb2 Qe7 9. Be2 e5 10. dxe5 Nxe5 11. Nxe5 Bxe5 12. cxd5 cxd5 13. O-O d4 14. exd4 Bxd4 15. Bf3 Qc5 16. Rac1 Bf5 17. Qd2 Bxc3 18. Rxc3 Qb6 19. Qf4 Be6 20. Rd3 Rad8 21. Bxf6 Rxd3 22.
Qg5 g6 23. Qh6 1-0

[Event "Late-Titled-Tuesday-Blitz-February-13-2024"]
[Site "Chess.com"]
[Date "2024.02.13"]
[Round "1"]
[White "Rodalquilar"]
[Black "korkmaz16"]
[Result "1-0"]
[WhiteElo "2771"]
[BlackElo "2408"]
[TimeControl "180+1"]
[EndTime "14:06:08 PST"]
[Termination "Rodalquilar won by resignation"]

1. d4 d5 2. Nf3 Nf6 3. Bf4 c5 4.
e3 Nc6 5. c3 Qb6 6. Qc2 Bg4 7.
Nbd2 e6 8. Bd3 Rc8 9. Qb3 c4 10.
Qxb6 axb6 11. Bc2 b5 12. Ne5 Nxe5 13. dxe5 Nd7 14. e4 Bc5 15. exd5 exd5 16. O-O d4 17. Be4 Be6 18. Bxb7 Rc7 19. Ba6 dxc3 20. bxc3 b4 21. Nxc4 Bxc4 22. Bxc4 Bxf2+ 23. Rxf2 Rxc4 24. cxb4 Rxb4 25. a4 O-O 26. a5 Ra8 27. Rd1 Nc5 28. Be3 Ne6 29.
Ra2 Re4 30. Kf2 Rxe5 31. a6 f5 32. a7 f4 33. Bb6 Rb5 34. Rd6 Ng5 35. Rd8+ Rxd8 36.
Bxd8 Ne4+ 37. Kf3 1-0

[Event "Late-Titled-Tuesday-Blitz-February-13-2024"]
[Site "Chess.com"]
[Date "2024.02.13"]
[Round "1"]
[White "babero_gordo"]
[Black "joksijoksi"]
[Result "1/2-1/2"]
[WhiteElo "2139"]
[BlackElo "2539"]
[TimeControl "180+1"]
[EndTime "14:06:08 PST"]
[Termination "Game drawn by repetition"]

1. e4 c5 2. d4 cxd4 3. c3 dxc3 4. Nxc3 Nc6 5. Nf3 g6 6. Bc4 Bg7 7. e5 Nxe5 8. Nxe5 Bxe5 9. Bxf7+ Kxf7 10. Qd5+ Kg7 11.
Qxe5+ Nf6 12. O-O d6 13. Qf4 Be6 14. Re1 Bf7 15. Qh6+ Kg8 16. Bg5 Qf8 17. Qh4 Be8 18. Re6 Bd7 19. Rxf6 exf6 20. Bxf6 Qf7 21. Qd4 Rf8 22. Nd5 h6 23. Bxh8 Bc6 24. Rd1 Bxd5 25.
Qxd5 Kxh8 26. Qxf7 Rxf7 27. Rxd6 Rc7 28. g3 Kg7 29. Rd2 Kf6 30. Kg2 g5 31. Kf3 h5 32.
Ke3 Ke5 33. f4+ gxf4+ 34. gxf4+ Ke6 35. Kf3 Rc1 36. Re2+ Kf6 37. Ke4 Rc4+ 38. Kf3 Rc1 39. Ke4 Rc4+ 40. Kf3 Rc1 1/2-1/2

[Event "Late-Titled-Tuesday-Blitz-February-13-2024"]
[Site "Chess.com"]
[Date "2024.02.13"]
[Round "1"]
[White "deribas12345"]
[Black "effefe"]
[Result "1-0"]
[WhiteElo "2649"]
[BlackElo "2301"]
[TimeControl "180+1"]
[EndTime "14:06:09 PST"]
[Termination "deribas12345 won on time"]

1. d4 Nf6 2. c4 g6 3. Nc3 Bg7 4. e4 d6 5. Nge2 O-O 6. Ng3 e5 7. d5 c6 8. Be2 cxd5 9. cxd5 Nbd7 10. O-O a5 11. Be3 Nc5 12. f3 h5 13. Bg5 Qb6 14. Kh1 Qxb2 15. Nb5 Rd8 16. Rb1 Qxa2 17. Nc3 Qa3 18. Qc2 Na6 19. Be3 Nb4 20. Qd2 Bd7 21. Ra1 Qb3 22. Rfc1 Rdc8 23. Nf1 Kh7 24. Bg5 Ng8 25.
Ne3 f6 26. Bd1 1-0

[Event "Late-Titled-Tuesday-Blitz-February-13-2024"]
[Site "Chess.com"]
[Date "2024.02.13"]
[Round "1"]
[White "DraningWaterHi"]
[Black "ozates"]
[Result "0-1"]
[WhiteElo "2210"]
[BlackElo "2572"]
[TimeControl "180+1"]
[EndTime "14:06:09 PST"]
[Termination "ozates won by resignation"]

1. d4 Nf6 2. Bf4 c5 3. e3 g6 4. Nf3 Bg7 5. Nc3 O-O 6. Be2 cxd4 7. exd4 d6 8. O-O Nc6 9. h3 Bf5 10. a3 Rc8 11. Bd3 Bxd3 12. Qxd3 Na5 13. Ne4 Qb6 14. Nxf6+ Bxf6 15. b3 Rc7 16. Rab1 Rfc8 17. Rfc1 Rc3 18. Qd2 Qc6 19. d5 Qa6 20. a4 b5 21. axb5 Qxb5 22. Be3 Nb7 23. Bxa7 Nc5 24. Nd4 Bxd4 25. Qxd4 Nxb3 26. Qh4 Qa6 27. Qxe7 Nxc1 28. Bd4 Ne2+ 0-1

[Event "Late-Titled-Tuesday-Blitz-February-13-2024"]
[Site "Chess.com"]
[Date "2024.02.13"]
[Round "1"]
[White "rcmz"]
[Black "WilsonPalencia21"]
[Result "0-1"]
[WhiteElo "2172"]
[BlackElo "2556"]
[TimeControl "180+1"]
[EndTime "14:06:10 PST"]
[Termination "WilsonPalencia21 won on time"]

1. b4 d5 2. Bb2 c6 3. e3 Qb6 4. a3 a5 5. Bd4 Qc7 6. f4 Nd7 7. c4 e5 8. fxe5 dxc4 9. Nf3 axb4 10. axb4 Rxa1 11. Bxa1 Bxb4 12. Qa4 Qa5 13. Qxa5 Bxa5 14.
Bxc4 Nb6 15. Bb3 Ne7 16. O-O O-O 17. Bd4 Nbd5 18. Bc5 h6 19. e4 Bb6 20. exd5 Bxc5+ 21.
d4 Bb6 22. d6 Ng6 23. Nbd2 Nxe5 24. Rb1 Nd7 25. Nc4 Bd8 26. Nce5 Nf6 27. h3 Bf5 28. Rc1 Nd7 29. Nxd7 Bxd7 30. Ne5 Bf5 31. Bc4 Bg5 32. Ra1 Be3+ 33. Kh1 Bxd4 34. Re1 Bxe5 35. Rxe5 Rd8 0-1

[Event "Late-Titled-Tuesday-Blitz-February-13-2024"]
[Site "Chess.com"]
[Date "2024.02.13"]
[Round "1"]
[White "TigrVShlyape"]
[Black "DonJuan_34"]
[Result "1-0"]
[WhiteElo "2863"]
[BlackElo "2469"]
[TimeControl "180+1"]
[EndTime "14:06:11 PST"]
[Termination "TigrVShlyape won by resignation"]

1. d4 Nf6 2. Bf4 g6 3. c3 Bg7 4. Nf3 O-O 5. Nbd2 d5 6. e3 b6 7. h3 Bb7 8. Be2 c5 9. O-O Nc6 10. a4 Nd7 11. Qb3 e5 12. dxe5 Ndxe5 13. Rfd1 Qe7 14.
Nxe5 Nxe5 15. a5 Qe6 16. Nf3 Nxf3+ 17. Bxf3 Rad8 18. axb6 axb6 19. Ra7 Rd7 20. Rxb7 Rxb7 21. Bxd5 Qd7 22. Bxb7 Qxb7 23. Qb5 Bf6 24. Rd7 Qc8 25. Rc7 Qd8 26. Qxb6 Qd1+ 27. Kh2 Bd8 28. Qxc5 Bxc7 29.
Qxc7 Qd8 30. Qxd8 Rxd8 31. b4 Rd3 32. Be5 Kf8 33. Bd4 Ke8 34. b5 Kd7 35. c4 Rb3 36. b6 Kc6 37. g4 Rb4 38. c5 Rb1 39. h4 h5 40. gxh5 gxh5 41. f3 Rd1 42. Kg3 Rf1 43. Kf4 Rf2 44. Kg5 Rxf3 45. Kxh5 f5 46. Kg5 Rf1 47. h5 Rh1 48. h6 Kb7 49. Kg6 Rg1+ 50.
Kxf5 Kc6 51. h7 1-0

[Event "Late-Titled-Tuesday-Blitz-February-13-2024"]
[Site "Chess.com"]
[Date "2024.02.13"]
[Round "1"]
[White "Jarrahi2452"]
[Black "Misterfox120"]
[Result "1-0"]
[WhiteElo "2822"]
[BlackElo "2434"]
[TimeControl "180+1"]
[EndTime "14:06:12 PST"]
[Termination "Jarrahi2452 won on time"]

1. d4 d5 2. c4 e6 3. Nc3 a6 4.
cxd5 exd5 5. Nf3 c6 6. Qc2 Bd6 7. e4 dxe4 8. Nxe4 Bb4+ 9. Nc3 Ne7 10. Bd3 g6 11. h3 O-O 12. O-O Bf5 13. Bg5 Bxd3 14.
Qxd3 f6 15. Bxf6 Rxf6 16. Qc4+ Nd5 17. Nxd5 Qxd5 18. Qxb4 Nd7 19. Rfe1 Raf8 20. Re3 b5 21. Qb3 Nb6 22. Qxd5+ Nxd5 23. Re4 Kf7 24. Rc1 Rc8 25. a3 Nb6 26. b3 a5 27. Ne5+ Kg7 28. g4 a4 29.
bxa4 Nxa4 30. g5 Rd6 31. Ng4 Rcd8 32. Re7+ Kf8 33. Rxh7 1-0

[Event "Late-Titled-Tuesday-Blitz-February-13-2024"]
[Site "Chess.com"]
[Date "2024.02.13"]
[Round "1"]
[White "PolandHussars"]
[Black "FM_Kappeler"]
[Result "1-0"]
[WhiteElo "2613"]
[BlackElo "2265"]
[TimeControl "180+1"]
[EndTime "14:06:13 PST"]
[Termination "PolandHussars won by checkmate"]

1. e4 c5 2. Ne2 Nc6 3. g3 e6 4. Bg2 Nf6 5. O-O Be7 6. f4 d5 7.
e5 Nd7 8. c3 b6 9. d4 a5 10.
Be3 Ba6 11. Nd2 Rc8 12. Nf3 cxd4 13. cxd4 Nb4 14. Ne1 f5 15. a3 Nc6 16. Rf2 O-O 17. Bf3 Rf7 18. g4 fxg4 19. Bxg4 Nf8 20. f5 Bh4 21. Rf3 exf5 22. Rxf5 Rxf5 23. Bxf5 Bg5 24. Qd2 Bxe3+ 25. Qxe3 Rc7 26. Nf3 Ne7 27. Bh3 Neg6 28. Ng3 Rc2 29. b4 a4 30. Re1 Qc7 31. Ng5 Rc3 32. Qf2 Rxa3 33. e6 Rd3 34. e7 Bb5 35. Qf7+ Kh8 36. Qxf8+ Nxf8 37. exf8=Q# 1-0

[Event "Late-Titled-Tuesday-Blitz-February-13-2024"]
[Site "Chess.com"]
[Date "2024.02.13"]
[Round "1"]
[White "Good_Knight_Kiss"]
[Black "Polish_fighter3000"]
[Result "0-1"]
[WhiteElo "2523"]
[BlackElo "3079"]
[TimeControl "180+1"]
[EndTime "14:06:14 PST"]
[Termination "Polish_fighter3000 won on time"]

1. e4 d5 2. exd5 Qxd5 3. Nc3 Qe5+ 4. Be2 Bg4 5. d4 Bxe2 6. Ngxe2 Qh5 7. d5 Nf6 8. O-O c6 9. Nf4 Qf5 10. Re1 g5 11. dxc6 Nxc6 12. Nfd5 O-O-O 13. g4 Nxg4 14. Qe2 e6 15. Ne3 Nxe3 16. Bxe3 Bb4 17. Qc4 Kb8 18.
Rad1 Qxc2 19. Rxd8+ Rxd8 20. a3 Bxc3 21. Qxc3 Qxc3 22.
bxc3 e5 23. Kg2 f6 24. Rb1 Kc7 25. Kf3 Rd3 26. h4 Rxc3 27. hxg5 fxg5 28. Rh1 b6 29. Rxh7+ Kd6 30. Ke4 Rc4+ 0-1

[Event "Late-Titled-Tuesday-Blitz-February-13-2024"]
[Site "Chess.com"]
[Date "2024.02.13"]
[Round "1"]
[White "KetiTsatsalashvili"]
[Black "baki83"]
[Result "0-1"]
[WhiteElo "2455"]
[BlackElo "2856"]
[TimeControl "180+1"]
[EndTime "14:06:15 PST"]
[Termination "baki83 won by resignation"]

1. d4 d5 2. Nf3 Nf6 3. e3 b6 4. Bd3 Bb7 5. b3 e6 6. O-O Nbd7 7. Bb2 Bd6 8. Ne5 O-O 9. Nd2 Ne4 10. f3 Nxd2 11. Qxd2 Nb8 12. f4 f6 13. Nf3 c5 14. c4 Nd7 15. Rad1 Qe7 16. Qc2 f5 17. Ne5 Nf6 18. cxd5 Bxd5 19. Qe2 Rac8 20. Ba6 Rc7 21. Ba3 Ne4 22. Rc1 cxd4 23. Bxd6 Qxd6 24. exd4 Ba8 25. Rxc7 Qxc7 26. Qb2 Qd6 27. Rd1 Rd8 28. a3 Nf6 29.
b4 Ng4 30. Be2 Ne3 31. Rd3 Nxg2 32. Qd2 Nh4 33. Qe1 Qd5 34. Nf3 Ng6 35. Qd2 Qe4 36. Qe3 Nxf4 37. Qxe4 fxe4 0-1

[Event "Late-Titled-Tuesday-Blitz-February-13-2024"]
[Site "Chess.com"]
[Date "2024.02.13"]
[Round "1"]
[White "KacperKacprzak"]
[Black "inagreV"]
[Result "1-0"]
[WhiteElo "2716"]
[BlackElo "2375"]
[TimeControl "180+1"]
[EndTime "14:06:15 PST"]
[Termination "KacperKacprzak won by resignation"]

1. e4 c5 2. Nf3 Nc6 3. d4 cxd4 4.
Nxd4 g6 5. c4 Bg7 6. Be3 Nf6 7.
Nc3 O-O 8. Be2 d6 9. O-O Bd7 10. Nb3 a5 11. Nd2 Be6 12. Rc1 Nd7 13. Ndb1 Nc5 14.
f3 Qb6 15. Qd2 Qb4 16. Rfd1 Bxc4 17. Bxc4 Qxc4 18. Nd5 Qxa2 19. Nbc3 Qb3 20. Nxe7+ Nxe7 21. Qxd6 Qxb2 22. Bxc5 Nc6 23. Nd5 Rfd8 24. Qc7 Bd4+ 25. Bxd4 Nxd4 26. Kh1 Ne6 27. Qe7 Re8 28. Nf6+ 1-0